Map: 赛博森林-天梯版

Players

Probe - Winner!

  • Race: Protoss Protoss
  • League: Platinum

iAsonu

  • Race: Zerg Zerg

Event: WESG 2018 Grand Finals

VOD

Have the link to the VOD?

Description

Time

  • Played on: March 12, 2019, 4:58 a.m.
  • Length: 17:27

All games in this series

Show
View Real Time Build Order
Export as new Build Order

Probe Protoss - Winner!

Build Orders: 1 Gate Expand, Phoenix Opening, Zealot Archon 

Get SALT Encoding   

  12  0:00  Probe  
  13  0:12  Probe  
  14  0:19  Pylon  
  14  0:25  Probe  
  15  0:30  Assimilator  
  15  0:33  Probe  
  15  0:41  Probe  
  16  0:49  Gateway  
  17  0:51  Probe  
  18  1:03  Probe  
  19  1:15  Probe  
  20  1:23  Nexus  
  20  1:36  Cybernetics Core  
  20  1:37  Probe  
  21  1:42  Assimilator  
  21  1:49  Probe  
  21  1:51  Pylon  
  22  2:01  Probe  
  22  2:04  Adept  
  23  2:10  Probe  
  23  2:12  Stargate  
  26  2:18  Probe  
  27  2:23  Warp Gate  
  27  2:28  Probe  
  27  2:33  Adept, Probe  
  31  2:40  Probe  
  31  2:41  Probe  
  33  2:52  Probe, Phoenix  
  33  2:55  Probe  
  37  3:04  Probe  
  38  3:07  Probe  
  38  3:08  Pylon  
  39  3:13  Void Ray  
  39  3:16  Probe  
  39  3:19  Probe  
  45  3:31  Gateway  
  45  3:33  Shield Battery  
  45  3:35  Pylon  
  45  3:40  Shield Battery  
  45  3:45  Shield Battery  
  45  3:51  Shield Battery  
  45  4:02  Shield Battery  
  45  4:04  Pylon x2  
  45  4:06  Pylon  
  45  4:12  Pylon  
  45  4:14  Zealot  
  46  4:23  Void Ray  
  46  4:28  Probe  
  46  4:29  Probe  
  41  4:40  Probe  
  41  4:41  Probe  
  43  4:52  Probe x2  
  43  4:59  Cybernetics Core  
  45  5:00  Probe x2  
  47  5:08  Probe x2  
  49  5:19  Probe x2  
  51  5:28  Oracle  
  54  5:31  Probe  
  54  5:32  Probe  
  56  5:42  Assimilator x2  
  56  5:43  Probe  
  56  5:44  Twilight Council  
  56  5:45  Robotics Facility  
  56  5:47  Pylon  
  56  5:49  Adept x2  
  61  5:52  Probe  
  61  5:55  Probe  
  63  6:09  Probe  
  63  6:10  Probe  
  65  6:21  Probe  
  65  6:22  Probe  
  65  6:24  Warp Prism  
  67  6:26  Gateway  
  67  6:27  Gateway  
  67  6:29  Gateway  
  67  6:30  Gateway  
  67  6:34  Templar Archives  
  69  6:42  Probe x2  
  67  6:48  Zealot x2  
  69  7:14  Nexus, Pylon  
  68  7:21  Probe x2  
  70  7:24  High Templar x3, Pylon  
  70  7:25  High Templar  
  70  7:26  Zealot x2  
  70  7:27  Archon  
  70  7:28  Archon, Charge  
  82  7:31  Pylon x2, Observer  
  82  7:36  Probe x2  
  85  7:48  Probe  
  85  7:49  Probe  
  87  7:54  Pylon  
  87  7:58  Zealot x4  
  87  7:59  Zealot x2  
  87  8:01  Probe x2  
  87  8:03  Immortal  
  101  8:10  Pylon  
  101  8:13  Pylon, Probe  
  101  8:17  Probe  
  107  8:20  Sentry x2  
  107  8:23  Probe x2  
  107  8:25  Probe  
  113  8:31  Probe  
  114  8:35  Probe  
  114  8:36  Probe  
  114  8:37  Sentry x2, Zealot x2  
  128  8:50  Pylon  
  128  8:51  Pylon  
  128  8:54  Gateway  
  128  8:55  Gateway  
  125  8:56  Psionic Storm  
  125  9:00  High Templar x2  
  125  9:01  Zealot x4  
  137  9:06  Pylon  
  137  9:09  Assimilator  
  137  9:10  Assimilator  
  137  9:12  Shield Battery  
  137  9:13  Archon  
  137  9:18  Probe x2  
  139  9:39  Immortal  
  139  9:40  High Templar, Zealot  
  139  9:41  Zealot x2  
  139  9:43  High Templar, Zealot  
  139  9:44  Probe  
  139  9:45  Probe x2  
  158  9:54  Nexus  
  155  10:03  Zealot x6  
  155  10:05  Immortal  
  155  10:10  High Templar x2, Zealot x4  
  165  10:14  Pylon  
  165  10:21  Nexus  
  169  10:28  High Templar  
  169  10:30  Zealot  
  171  10:36  Zealot  
  171  10:38  Zealot  
  171  10:39  Zealot x2  
  171  10:40  Immortal  
  177  10:47  Zealot  
  177  10:48  Zealot  
  176  10:58  Robotics Facility  
  176  11:00  High Templar x2, Zealot x3  
  172  11:10  Nexus  
  172  11:16  Observer  
  172  11:17  Forge  
  170  11:18  High Templar x2  
  170  11:23  Pylon  
  175  11:30  Warp Prism  
  175  11:32  Zealot x3  
  177  11:46  Zealot  
  163  11:47  Zealot x2  
  163  11:56  Zealot x5  
  169  12:07  Archon x2  
  169  12:08  Archon x2  
  155  12:10  Zealot x3  
  147  12:16  Zealot x4  
  144  12:37  Probe x3  
  144  12:39  High Templar x4  
  144  12:40  Zealot x4  
  144  12:43  Archon x2  
  124  12:58  Probe x3  
  124  13:00  Probe  
  127  13:07  High Templar x3  
  127  13:10  Probe x2  
  127  13:12  High Templar x2  
  139  13:14  Observer, Immortal  
  139  13:18  Zealot  
  145  13:21  Zealot  
  145  13:29  Probe x3  
  145  13:30  Probe  
  145  13:32  High Templar  
  145  13:37  Probe  
  145  13:38  Probe  
  145  13:40  Zealot x2  
  149  13:42  Probe x2  
  149  13:47  High Templar  
  155  13:49  High Templar  
  155  13:53  Archon  
  149  14:05  Zealot x5  
  157  14:12  Probe x2  
  157  14:13  Forge  
  157  14:15  Zealot  
  157  14:16  Probe x2  
  157  14:20  Probe  
  157  14:21  Probe  
  159  14:24  Probe  
  158  14:32  High Templar x4, Zealot  
  158  14:33  Zealot  
  170  14:39  Archon x2  
  170  14:45  Protoss Ground Weapons Level 1  
  167  14:47  Zealot x2  
  167  14:52  Probe x3  
  169  14:55  High Templar x2  
  169  14:56  Probe  
  177  15:00  Probe  
  177  15:05  Zealot x4  
  186  15:09  Archon  
  186  15:10  Zealot x2  
  181  15:27  Zealot x4  
  179  15:35  Warp Prism  
  169  15:41  High Templar x3  
  169  15:42  Zealot  
  177  15:47  Observer  
  176  15:53  Archon  
  172  15:59  Zealot  
  172  16:00  Zealot x2  
  167  16:05  Zealot x2  
  161  16:14  Zealot  
  161  16:15  Zealot x2  
  131  16:30  Zealot x3  
  110  16:49  Zealot  
  108  17:00  Zealot  
Show
View Real Time Build Order
Export as new Build Order

iAsonu Zerg 

Build Orders: Hatch First, Roach Hydra 

Get SALT Encoding   

  12  0:00  Drone  
  13  0:12  Overlord  
  13  0:17  Drone  
  14  0:30  Drone x2  
  16  0:40  Drone  
  17  0:51  Hatchery  
  17  0:55  Drone  
  17  0:58  Drone  
  17  1:00  Extractor  
  17  1:13  Spawning Pool  
  17  1:16  Drone  
  17  1:19  Drone  
  18  1:28  Drone  
  19  1:39  Drone  
  20  1:51  Overlord  
  20  2:00  Metabolic Boost  
  20  2:03  Queen  
  20  2:05  Zergling x2  
  20  2:06  Zergling x2  
  24  2:12  Roach Warren  
  24  2:14  Drone  
  24  2:15  Drone  
  25  2:26  Zergling x2  
  26  2:37  Hatchery  
  26  2:40  Zergling x2  
  26  2:46  Overlord  
  26  2:54  Roach  
  26  2:57  Roach  
  30  3:01  Roach  
  30  3:05  Roach  
  34  3:09  Roach  
  36  3:14  Roach  
  38  3:24  Zergling x2  
  38  3:25  Zergling x4  
  41  3:29  Overlord  
  41  3:35  Ravager  
  41  3:37  Zergling x2  
  41  3:38  Zergling x2  
  43  3:43  Overlord  
  43  3:49  Zergling x2  
  44  3:56  Ravager  
  45  4:03  Zergling x8  
  45  4:04  Drone  
  45  4:06  Drone  
  49  4:16  Drone x2  
  49  4:18  Drone x2  
  49  4:22  Drone  
  46  4:25  Drone  
  46  4:31  Drone x2  
  48  4:35  Drone  
  48  4:36  Drone  
  46  4:39  Drone  
  46  4:45  Queen  
  47  4:47  Drone  
  47  4:49  Drone  
  48  4:54  Drone x2  
  48  4:59  Drone  
  51  5:00  Queen  
  51  5:03  Drone  
  51  5:05  Drone  
  55  5:07  Drone  
  55  5:10  Drone  
  55  5:11  Drone  
  57  5:16  Overlord  
  57  5:21  Overlord  
  57  5:26  Overlord  
  57  5:28  Queen, Spore Crawler  
  57  5:34  Queen  
  57  5:35  Drone x3  
  63  5:39  Queen  
  63  5:42  Drone  
  66  5:43  Drone  
  66  5:44  Drone  
  66  5:47  Drone x2  
  70  6:08  Drone  
  70  6:10  Lair  
  71  6:16  Drone x11  
  82  6:20  Overlord, Extractor  
  82  6:21  Queen, Extractor  
  82  6:22  Overlord  
  82  6:27  Overlord  
  78  6:40  Spore Crawler  
  78  6:41  Drone  
  78  6:43  Drone  
  78  6:44  Drone x6  
  82  6:48  Drone x5  
  82  6:54  Drone x3  
  88  7:00  Extractor  
  87  7:02  Roach, Extractor  
  87  7:06  Roach  
  87  7:07  Extractor  
  89  7:10  Hydralisk Den, Overseer  
  89  7:13  Glial Reconstitution  
  89  7:15  Roach  
  90  7:23  Roach x4  
  90  7:28  Overlord x2  
  98  7:33  Evolution Chamber  
  98  7:35  Roach x4  
  105  7:37  Overlord  
  105  7:42  Overlord x2  
  104  7:45  Grooved Spines  
  101  7:52  Hydralisk x3  
  101  7:54  Overseer  
  107  8:00  Overlord  
  107  8:02  Zerg Missile Weapons Level 1, Drone  
  107  8:03  Drone x2  
  107  8:04  Drone  
  111  8:07  Drone x2  
  111  8:08  Drone  
  111  8:09  Drone  
  111  8:11  Drone  
  116  8:13  Drone  
  116  8:15  Hydralisk  
  119  8:23  Hydralisk x3  
  125  8:36  Hydralisk  
  127  8:42  Roach x3  
  127  8:45  Hatchery  
  129  8:50  Baneling Nest, Hydralisk  
  129  8:51  Hydralisk  
  129  8:52  Evolution Chamber  
  131  8:56  Muscular Augments, Zergling x12  
  131  9:00  Ravager x7  
  131  9:02  Roach  
  146  9:11  Overlord x2  
  146  9:12  Overlord  
  146  9:21  Overlord x2  
  146  9:27  Overlord  
  146  9:28  Overlord  
  146  9:30  Zerg Melee Weapons Level 1, Hydralisk x3  
  152  9:38  Centrifical Hooks  
  152  9:39  Zergling x10  
  152  9:40  Hatchery  
  156  9:47  Hydralisk x3  
  162  9:54  Hydralisk x2  
  162  9:55  Zergling x8  
  172  10:00  Roach x2  
  170  10:07  Hydralisk x4  
  170  10:13  Zergling x8  
  180  10:15  Baneling x5  
  180  10:16  Baneling  
  180  10:19  Zerg Missile Weapons Level 2  
  180  10:23  Zergling x6  
  183  10:28  Zergling x8  
  183  10:33  Zergling x4  
  188  10:35  Baneling  
  188  10:36  Baneling x7  
  188  10:39  Zergling x4  
  188  10:42  Zergling x6  
  192  10:50  Zergling x8  
  190  10:58  Hydralisk x4  
  190  11:03  Zergling x10  
  196  11:09  Zergling x8  
  190  11:12  Baneling x9  
  190  11:20  Zergling x8  
  190  11:25  Infestation Pit  
  193  11:28  Zergling x4  
  193  11:36  Zergling x2  
  193  11:37  Zergling x6  
  180  11:48  Zergling x10  
  180  11:51  Zergling x6  
  180  11:55  Baneling x11  
  180  11:56  Baneling  
  180  12:08  Zergling x18  
  163  12:11  Zergling x2  
  139  12:17  Hydralisk x2  
  128  12:23  Hydralisk x5  
  128  12:29  Baneling x14  
  131  12:31  Hydralisk x3  
  127  12:39  Hydralisk x2  
  131  12:46  Zergling x6  
  131  12:50  Hydralisk  
  130  12:57  Hydralisk x3  
  131  13:03  Drone x4  
  135  13:12  Drone x5  
  140  13:13  Drone  
  140  13:15  Zergling x4  
  141  13:22  Zergling x8  
  144  13:31  Zergling x8  
  147  13:36  Baneling x2  
  147  13:37  Drone  
  147  13:38  Drone x2  
  147  13:42  Baneling x8  
  147  13:43  Zergling x8  
  151  13:52  Zergling x12  
  156  14:02  Zergling x12  
  145  14:06  Zergling x2  
  146  14:11  Hydralisk  
  146  14:12  Hydralisk x4  
  154  14:17  Zergling x4  
  154  14:18  Zergling x6  
  154  14:20  Baneling x7  
  159  14:26  Baneling x11  
  159  14:31  Zergling x8  
  161  14:36  Zerg Melee Weapons Level 2  
  161  14:40  Zergling x10  
  163  14:46  Zergling x10  
  163  14:52  Hive  
  168  14:54  Baneling x7  
  166  15:04  Zergling x18  
  166  15:05  Baneling  
  166  15:06  Baneling x2  
  169  15:21  Hatchery  
  169  15:26  Zergling x16  
  169  15:27  Zergling x6  
  172  15:32  Zergling x2  
  160  15:39  Spire  
  160  15:42  Zergling x16  
  161  15:58  Zergling x14  
  161  16:07  Baneling x11  
  161  16:11  Zergling x16  
  123  16:28  Zergling x20  
  117  16:35  Baneling x6  
  112  16:40  Zergling x6  
  88  16:47  Zergling x2  
  88  16:48  Zergling x6  
  88  16:52  Zergling x6  
  73  16:59  Baneling  
  73  17:00  Baneling x2  
  67  17:02  Baneling  
  54  17:09  Zergling x2  
Tags
 
Add a new tag
Caveats
  • Supply blocks, unpowered buildings, or Contaminate may cause inaccurate times.
  • Supply counts are checked every 10 seconds.